 Dungeon Crawl Stone Soup version 0.23.2-40-g277498a001 (webtiles) character file.

Game seed: 2518579147841629175

17185 DildoBatman the Black Sun (level 12, -6/74 HPs)
             Began as a Formicid Wizard on Oct 17, 2019.
             Was a High Priest of Kikubaaqudgha.
             Mangled by a sixfirhy (9 damage)
             ... summoned by an orc sorcerer
             ... on level 2 of the Orcish Mines.
             The game lasted 00:53:27 (11133 turns).

DildoBatman the Black Sun (Formicid Wizard)        Turns: 11133, Time: 00:53:28

Health: -6/74      AC:  7    Str: 13    XL:     12   Next: 79%
Magic:  28/36      EV: 17    Int: 22    God:    Kikubaaqudgha [*****.]
Gold:   1135       SH:  5    Dex: 14    Spells: 9/34 levels left

rFire    . . .     SeeInvis +   a - +7 spear (venom)
rCold    . . .     Gourm    .   Q - +0 buckler
rNeg     . . .     Faith    .   g - +0 troll leather armour
rPois    .         Spirit   .   (helmet unavailable)
rElec    .         Reflect  .   B - +0 cloak
rCorr    .         Harm     .   I - +0 pair of gloves
MR       +....                  o - +0 pair of boots
Stlth    +++.......             (no amulet)
HPRegen  0.62/turn              h - ring of magical power
MPRegen  0.25/turn              N - ring of wizardry

@: agile
A: permanent stasis, dig shafts and tunnels, four strong arms, antennae 3
a: Dig, Shaft Self, Receive Corpses, Torment, Renounce Religion


You were on level 2 of the Orcish Mines.
You worshipped Kikubaaqudgha.
Kikubaaqudgha was extremely pleased with you.
You were hungry.

You visited 3 branches of the dungeon, and saw 14 of its levels.

You collected 1135 gold pieces.

Inventory:

Hand Weapons
 a - a +7 spear of venom (weapon)
 b - a +0 hunting sling of velocity
Missiles
 q - 130 arrows
 y - 52 sling bullets
 K - 52 bolts
Armour
 g - a +0 troll leather armour (worn)
 o - a +0 pair of boots (worn)
 B - a +0 cloak (worn)
 C - a +0 shield
 I - a +0 pair of gloves (worn)
 Q - a +0 buckler (worn)
Jewellery
 h - a ring of magical power (left hand)
 A - an uncursed ring of resist corrosion
 N - a ring of wizardry (right hand)
 O - an uncursed ring of fire
Wands
 k - a wand of acid (4)
Scrolls
 e - a scroll of blinking {unknown}
 f - a scroll of summoning {unknown}
 s - a scroll of fear
 w - a scroll of fog {unknown}
 x - 5 scrolls of remove curse
 z - 2 scrolls of identify
 E - 2 scrolls of magic mapping {unknown}
 P - a scroll of brand weapon {unknown}
 R - a scroll of holy word {unknown}
Potions
 c - a potion of heal wounds {unknown}
 d - 6 potions of curing
 i - a potion of magic {unknown}
 n - 3 potions of brilliance {unknown}
 p - 2 potions of flight {unknown}
 F - 2 potions of agility
 J - 2 potions of lignification
 L - 3 potions of degeneration {unknown}
 M - a potion of mutation {unknown}
 U - a potion of might
Comestibles
 v - 30 rations


   Skills:
 - Level 1.7 Dodging
 - Level 2.4 Stealth
 - Level 2.9 Shields
 - Level 11.5 Spellcasting
 - Level 6.1 Conjurations
   Level 1.0 Summonings
 - Level 12.1 Necromancy
   Level 0.8 Translocations
 - Level 5.4 Fire Magic
 - Level 5.0 Air Magic
 * Level 2.6 Earth Magic


You had 9 spell levels left.
You knew the following spells:

 Your Spells              Type           Power        Failure   Level  Hunger
a - Conjure Flame         Conj/Fire      #####...     1%          3    None
b - Magic Dart            Conj           ####         1%          1    None
c - Bolt of Draining      Conj/Necr      ######....   1%          5    ####...
d - Vampiric Draining     Necr           ######....   1%          3    None
e - Mephitic Cloud        Conj/Pois/Air  ####....     1%          3    None
f - Stone Arrow           Conj/Erth      ####..       1%          3    None
h - Dispel Undead         Necr           ######..     1%          5    ####...
z - Sublimation of Blood  Necr           ######....   1%          2    None

Your spell library contained the following spells:

 Spells                   Type           Power        Failure   Level  Hunger
 Animate Skeleton         Necr           N/A          1%          1    None
 Pain                     Necr           ####         1%          1    None
 Sandblast                Erth           ###...       1%          1    None
 Shock                    Conj/Air       ####         1%          1    None
 Searing Ray              Conj           #####.       1%          2    None
 Swiftness                Chrm/Air       ###.....     1%          2    None
 Static Discharge         Conj/Air       #####...     1%          3    None
 Animate Dead             Necr           N/A          1%          4    None
 Call Imp                 Summ           ###.....     2%          2    None
 Passwall                 Tmut/Erth      ###.....     2%          2    None
 Dazzling Spray           Conj/Hex       ####..       2%          3    None
 Iskenderun's Mystic Bla  Conj           #####...     2%          4    None
 Death Channel            Necr           ######....   2%          6    #####..
 Airstrike                Air            #####.....   3%          4    None
 Slow                     Hex            ##......     4%          2    None
 Force Lance              Conj/Tloc      ####....     6%          4    None
 Excruciating Wounds      Chrm/Necr      #####.....   6%          5    ####...
 Fulminant Prism          Conj/Hex       ####......   8%          4    None
 Lightning Bolt           Conj/Air       #####.....   8%          5    ####...
 Petrify                  Tmut/Erth      ###.....     16%         4    None
 Lee's Rapid Deconstruct  Erth           ###.......   24%         5    ####...
 Blink                    Tloc           Unusable     N/A         2    N/A

Dungeon Overview and Level Annotations

Branches:
Dungeon (11/15)            Temple (1/1) D:6            Lair (0/6) D:11
    Orc (2/2) D:11
    Elf: Orc:2

Altars:
Ashenzari
Cheibriados
Dithmenos
Elyvilon
Fedhas
Gozag
Hepliaklqana
Kikubaaqudgha
Makhleb
Nemelex Xobeh
Okawaru
Qazlal
Ru
Sif Muna
Trog
Uskayaw
Vehumet
Wu Jian
Xom
Yredelemnul
Zin
The Shining One
Beogh

Shops:
D:6 :   Orc:2 [

Portals:
Trove: D:10 (give +5 ice dragon scales)

Annotations:
D:2 exclusion: quokka, Grinder, Jessica


Innate Abilities, Weirdness & Mutations

You cannot be hasted, slowed, berserked, paralysed or teleported.
You can dig through walls and to a lower floor.
Your four strong arms can wield two-handed weapons with a shield.
You have a pair of large antennae on your head. (SInv)


Message History

The orc warrior gives up.
The sixfirhy misses you.
The sixfirhy hits you but does no damage.
The sixfirhy hits you! The sixfirhy shocks you! The sixfirhy barely misses you.
The sixfirhy hits you. The sixfirhy shocks you! The sixfirhy hits you.
The sixfirhy shocks you! The sixfirhy closely misses you.
The sixfirhy hits you. The sixfirhy shocks you!
Really quaff the potion of lignification?
Okay, then.
You feel agile all of a sudden. The sixfirhy completely misses you.
The sixfirhy hits you!
You die...
Kikubaaqudgha rasps: "You have failed me!
Welcome... death!"

...P..).......#
.......P......#.#
...............##
..........##....#
.......##.#....##
......##........#
......#{.......##
..#.......##...#3#...###
..#............@##....#
..........#..........##
......................#
...................#.####
.P..................#.#.##
..........<..............##
.......<........#.....#...##
...........................#
.P.....................#..##


You could see a sixfirhy.

Vanquished Creatures
  An orc warlord (Orc:1)
  Harold (D:9)
  A two-headed ogre (D:10)
  An orc high priest (Orc:2)
  Pikel (D:5)
  2 orc knights (Orc:1)
  An ugly thing (D:11)
  A centaur zombie (D:10)
  The ghost of rlgrobin the Magician, a novice GnSk (D:3)
  4 trolls
  A queen bee (D:8)
  2 polar bears (D:9)
  A hornet (D:9)
  A hippogriff (D:10)
  14 yaks
  A wyvern (D:9)
  A steam dragon (D:10)
  A hungry ghost (D:9)
  Menkaure (D:7)
  Duvessa (D:7)
  18 orc warriors
  3 sky beasts
  4 slaves (D:5)
  7 ice beasts
  2 black bears (D:10)
  2 phantoms
  4 ogres
  A wolf (D:9)
  2 centaurs
  9 bullfrogs
  A wyvern zombie (D:11)
  Dowan (D:7)
  2 scorpions
  26 killer bees
  An electric eel (D:9)
  4 howler monkeys
  3 wights (D:6)
  5 crimson imps
  A bullfrog zombie (D:10)
  A quasit (D:8)
  19 orc wizards
  10 orc priests
  2 centaur skeletons
  8 hounds
  4 iguanas
  11 worker ants
  A killer bee zombie (D:10)
  A centaur simulacrum (D:9)
  A hound zombie (D:11)
  2 hound skeletons
  13 adders
  14 gnolls
  A shadow imp (D:9)
  3 white imps (D:9)
  A worker ant simulacrum (D:9)
  An ufetubus (D:9)
  2 adder skeletons (D:8)
  An adder zombie (D:6)
  4 worms (D:3)
  3 dart slugs
  An adder simulacrum (D:9)
  A leopard gecko (D:2)
  61 orcs
  2 ball pythons
  5 bats
  6 giant cockroaches
  7 goblins
  7 hobgoblins
  14 jackals
  5 quokkas
  5 frilled lizards
  A jackal zombie (D:6)
  5 kobolds
  A leopard gecko skeleton (D:4)
  A quokka simulacrum (D:9)
  13 rats
  A plant (D:11)
373 creatures vanquished.

Vanquished Creatures (others)
  A killer bee (D:10)
  2 plants (D:11)
3 creatures vanquished.

Grand Total: 376 creatures vanquished

Notes
Turn   | Place    | Note
-------+----------+-------------------------------------------
     0 | D:1      | DildoBatman the Formicid Wizard began the quest for the
                  | Orb.
     0 | D:1      | Reached XP level 1. HP: 13/13 MP: 4/4
    63 | D:1      | Reached skill level 1 in Conjurations
   214 | D:1      | Reached XP level 2. HP: 18/19 MP: 2/6
   838 | D:2      | Reached XP level 3. HP: 24/24 MP: 7/7
   843 | D:2      | Learned a level 3 spell: Conjure Flame
   847 | D:2      | Learned a level 3 spell: Mephitic Cloud
   850 | D:2      | Found a white marble altar of Elyvilon.
   919 | D:2      | You fall through a shaft!
  1102 | D:3      | Reached XP level 4. HP: 30/30 MP: 8/8
  1529 | D:2      | Reached XP level 5. HP: 21/35 MP: 8/9
  1762 | D:3      | Found a runed translucent door.
  1762 | D:3      | Noticed rlgrobin's ghost (novice GnSk)
  1794 | D:3      | Noticed Grinder
  1929 | D:3      | Reached skill level 5 in Conjurations
  1929 | D:3      | Reached XP level 6. HP: 21/41 MP: 10/10
  2140 | D:3      | Found a glowing silver altar of Zin.
  2140 | D:3      | Found a hide-covered altar of Uskayaw.
  2141 | D:3      | Found a snail-covered altar of Cheibriados.
  2285 | D:3      | Noticed Jessica
  2564 | D:4      | Reached XP level 7. HP: 41/46 MP: 11/11
  2923 | D:5      | Entered Level 5 of the Dungeon
  3247 | D:5      | Found a glowing golden altar of the Shining One.
  3306 | D:5      | Reached skill level 1 in Fire Magic
  3306 | D:5      | Reached skill level 1 in Air Magic
  3309 | D:5      | Noticed Pikel
  3839 | D:6      | Reached XP level 8. HP: 48/52 MP: 12/12
  3970 | D:6      | Found Xoisu's Book Shoppe.
  4037 | D:6      | Found a staircase to the Ecumenical Temple.
  4046 | Temple   | Entered the Ecumenical Temple
  4135 | Temple   | Became a worshipper of Kikubaaqudgha
  4169 | D:6      | Found an iron altar of Okawaru.
  4866 | D:5      | Killed Pikel
  4866 | D:5      | Reached skill level 5 in Fire Magic
  4866 | D:5      | Reached XP level 9. HP: 57/57 MP: 13/13
  5072 | D:4      | Reached * piety under Kikubaaqudgha
  5072 | D:4      | Identified Kikubaaqudgha's Reference Book on Black Secrets
                  | (Kikubaaqudgha gifted it to you on level 4 of the Dungeon)
  5072 | D:4      | Received a gift from Kikubaaqudgha
  5089 | D:4      | Learned a level 2 spell: Sublimation of Blood
  5143 | D:4      | Reached skill level 5 in Air Magic
  5516 | D:3      | Killed rlgrobin's ghost
  5516 | D:3      | Reached skill level 5 in Spellcasting
  5623 | D:7      | Learned a level 3 spell: Vampiric Draining
  5698 | D:7      | Reached skill level 1 in Necromancy
  5730 | D:7      | Reached skill level 2 in Necromancy
  5758 | D:7      | Reached skill level 3 in Necromancy
  5862 | D:7      | Noticed Duvessa
  5863 | D:7      | Noticed Dowan
  5890 | D:7      | Killed Duvessa
  5891 | D:7      | Killed Dowan
  5894 | D:7      | Reached skill level 4 in Necromancy
  6086 | D:7      | Noticed Menkaure
  6111 | D:7      | Killed Menkaure
  6469 | D:7      | Reached skill level 5 in Necromancy
  6475 | D:7      | Reached XP level 10. HP: 63/63 MP: 18/18
  6776 | D:8      | Reached skill level 6 in Necromancy
  6791 | D:8      | Reached ** piety under Kikubaaqudgha
  6803 | D:8      | Reached skill level 7 in Necromancy
  6818 | D:8      | Reached skill level 8 in Necromancy
  7037 | D:8      | Found a shattered altar of Ashenzari.
  7242 | D:8      | Reached skill level 9 in Necromancy
  7611 | D:9      | Found an ornate altar of the Wu Jian Council.
  7635 | D:9      | Reached *** piety under Kikubaaqudgha
  7635 | D:9      | Identified Kikubaaqudgha's Reference Book on Evil Secrets
                  | (Kikubaaqudgha gifted it to you on level 9 of the Dungeon)
  7635 | D:9      | Received a gift from Kikubaaqudgha
  7648 | D:9      | Learned a level 5 spell: Dispel Undead
  7854 | D:9      | Reached skill level 1 in Shields
  7854 | D:9      | Reached XP level 11. HP: 60/68 MP: 21/22
  7929 | D:9      | Learned a level 5 spell: Bolt of Draining
  8229 | D:9      | Noticed Harold
  8249 | D:9      | Killed Harold
  8310 | D:9      | Reached skill level 10 in Necromancy
  8476 | D:10     | Entered Level 10 of the Dungeon
  8537 | D:10     | Reached **** piety under Kikubaaqudgha
  8787 | D:10     | Found a portal to a secret trove of treasure.
  9011 | D:10     | Noticed a two-headed ogre
  9052 | D:10     | Killed a two-headed ogre
  9342 | D:11     | Found a staircase to the Lair.
  9437 | D:11     | Reached XP level 12. HP: 72/74 MP: 4/25
  9439 | D:11     | Reached skill level 10 in Spellcasting
  9456 | D:11     | Reached skill level 11 in Necromancy
  9468 | D:11     | Reached ***** piety under Kikubaaqudgha
 10197 | D:11     | Found a staircase to the Orcish Mines.
 10210 | Orc:1    | Entered Level 1 of the Orcish Mines
 10326 | Orc:1    | Noticed an orc warlord
 10542 | Orc:1    | Killed an orc warlord
 10542 | Orc:1    | Reached skill level 12 in Necromancy
 10542 | Orc:1    | HP: 2/74 [orc knight/+0 great mace (33)]
 11076 | Orc:1    | Learned a level 3 spell: Stone Arrow
 11077 | Orc:2    | Entered Level 2 of the Orcish Mines
 11087 | Orc:2    | Found a roughly hewn altar of Beogh.
 11121 | Orc:2    | Noticed an orc warlord
 11121 | Orc:2    | Noticed an orc high priest
 11122 | Orc:2    | Found Ynipsoun's Antique Armour Boutique.
 11123 | Orc:2    | Noticed a sixfirhy
 11125 | Orc:2    | Killed an orc high priest
 11126 | Orc:2    | Noticed a sixfirhy
 11132 | Orc:2    | HP: 3/74 [sixfirhy[an orc sorcerer] (10)]
 11133 | Orc:2    | Mangled by a sixfirhy

Skill      XL: |  1  2  3  4  5  6  7  8  9 10 11 12 |
---------------+-------------------------------------+-----
Conjurations   | 1 2 3 4 5 6 |  6.1
Fire Magic     | 3 5 |  5.4
Air Magic      | 2 4 5 |  5.0
Spellcasting   | 5 7 9 11 | 11.5
Necromancy     | 5 9 10 12 | 12.1
Shields        | 1 2 |  2.9
Earth Magic    | 2 |  2.6
Dodging        | |  1.7
Stealth        | |  2.4
Summonings     | |  1.0
Translocations | |  0.8

Action                   |  1- 3 |  4- 6 |  7- 9 | 10-12 || total
-------------------------+-------+-------+-------+-------++-------
Melee: Spear             |    19 |    67 |   236 |   534 ||   856
Throw: Tomahawk          |       |       |     7 |       ||     7
       Stone             |       |       |     1 |       ||     1
 Cast: Magic Dart        |    64 |    76 |    57 |    12 ||   209
       Mephitic Cloud    |       |    10 |    31 |   107 ||   148
       Conjure Flame     |       |     2 |    14 |    49 ||    65
       Bolt of Draining  |       |       |       |    19 ||    19
       Dispel Undead     |       |       |       |     5 ||     5
       Vampiric Draining |       |       |       |     2 ||     2
 Abil: Dig               |       |     5 |     8 |    29 ||    42
Evoke: Wand              |       |       |       |     1 ||     1
  Use: Scroll            |       |     1 |     9 |     4 ||    14
       Potion            |       |       |     1 |     3 ||     4
 Stab: Confused          |       |     1 |    14 |    39 ||    54
       Sleeping          |       |     2 |     3 |     1 ||     6
       Distracted        |       |       |     1 |       ||     1
  Eat: Chunk             |       |     7 |    12 |    24 ||    43
       Ration            |       |       |     1 |       ||     1
Armor: Robe              |     4 |    13 |     3 |       ||    20
       Leather armour    |       |       |    26 |    43 ||    69
       Troll leather arm |       |       |       |    20 ||    20
       Steam dragon scal |       |       |       |     1 ||     1
Dodge: Dodged            |    10 |    44 |    66 |   137 ||   257
Block: Buckler           |       |       |       |    16 ||    16
